Map: Ulrena

Players

ChuChiRa - Winner!

  • Race: Zerg Zerg
  • League: Diamond

Worming

  • Race: Zerg Zerg
  • League: Diamond

VOD

Have the link to the VOD?

Description

Time

  • Played on: March 8, 2016, 4:59 a.m.
  • Length: 3:53
Show
View Real Time Build Order
Export as new Build Order

ChuChiRa Zerg - Winner!

Build Orders: Pool First 

Get SALT Encoding   

  12  0:01  Drone  
  13  0:14  Extractor  
  12  0:24  Spawning Pool  
  11  0:30  Drone  
  11  0:33  Drone  
  13  0:38  Drone  
  14  0:49  Overlord  
  14  1:11  Zergling x4  
  16  1:14  Zergling x2  
  16  1:16  Metabolic Boost  
  17  1:25  Zergling x2  
  18  1:31  Queen  
  20  1:38  Zergling x2  
  21  1:47  Baneling Nest  
  21  1:50  Zergling x2  
  21  1:59  Overlord  
  22  2:08  Zergling x2  
  22  2:30  Baneling x4  
  22  2:34  Drone x2  
  23  3:03  Hatchery  
  17  3:06  Zergling x6  
  17  3:09  Drone  
  21  3:26  Baneling x3  
  21  3:28  Zergling x6  
Show
View Real Time Build Order
Export as new Build Order

Worming Zerg 

Build Orders: Hatch First 

Get SALT Encoding   

  12  0:01  Drone  
  13  0:12  Overlord  
  13  0:17  Drone  
  14  0:31  Drone x2  
  16  0:39  Drone  
  17  0:55  Hatchery  
  16  0:57  Drone  
  16  1:00  Extractor  
  16  1:14  Spawning Pool  
  16  1:17  Drone  
  16  1:20  Drone  
  17  1:26  Drone  
  17  1:31  Drone  
  19  2:02  Queen  
  19  2:03  Zergling x2, Spine Crawler  
  19  2:04  Zergling x2  
  19  2:05  Metabolic Boost  
  22  2:11  Extractor  
  22  2:13  Overlord  
  22  2:16  Zergling x2  
  22  2:18  Zergling x2  
  24  2:27  Overlord  
  25  2:41  Baneling Nest  
  24  2:51  Zergling x4  
  14  3:06  Drone  
  14  3:08  Zergling x2  
  16  3:21  Zergling x6  
Tags
 
Add a new tag
Caveats
  • Supply blocks, unpowered buildings, or Contaminate may cause inaccurate times.
  • Supply counts are checked every 10 seconds.